 Dungeon Crawl Stone Soup version 0.31-a0-14-gc80a10f4b6 (webtiles) character file.

Game seed: 2985413491792832173

190 Morbidden the Caller (level 5, -3/46 HPs)
             Began as a Troll Summoner on May 8, 2023.
             Slain by a bullfrog (5 damage)
             ... in a sewer.
             The game lasted 00:05:14 (2584 turns).

Morbidden the Caller (Troll Summoner)               Turns: 2584, Time: 00:05:15

Health: -3/46      AC:  4    Str: 16    XL:     5   Next: 41%
Magic:  1/6        EV: 10    Int: 13    God:
Gold:   93         SH:  0    Dex: 10    Spells: 1/7 levels left

rFire   + .          .
                       - Unarmed
rCold   . . .        (no shield)
rNeg    . . .        a - +0 robe
rPois   .            (helmet restricted)
rElec   .            (no cloak)
rCorr   .            (gloves unavailable)
SInv    .            (boots unavailable)
Will    .....        (no amulet)
Stlth   +            e - ring of protection from fire
HPRegen 1.07/turn    (no ring)
MPRegen 0.10/turn

%: no passive effects
@: brilliant, lethally poisoned (-3 -> -4), about to teleport
A: large, unfitting armour, claws 3, regeneration 1, shaggy fur 1, tough skin 1
a: no special abilities


You were in a sewer.
You visited 1 branch of the dungeon, and saw 3 of its levels.
You also visited: Sewer.

You collected 93 gold pieces.

Inventory:

Missiles
 g - 6 poisoned darts
 i - 22 stones
 m - 5 large rocks
 p - 6 curare-tipped darts
Armour
 a - a +0 robe (worn)
Jewellery
 e - a ring of protection from fire (left claw)
Scrolls
 c - 2 scrolls of identify
 h - a scroll of silence {unknown}
 j - a scroll of enchant armour {unknown}
 k - a scroll of immolation {unknown}
 l - a scroll of amnesia
 o - a scroll of fog {unknown}
 r - a scroll of teleportation
 s - a scroll of brand weapon {unknown}
 u - a scroll of blinking {unknown}
Potions
 b - a potion of magic
 f - 2 potions of attraction
 n - a potion of lignification {unknown}
 q - a potion of mutation {unknown}
 t - a potion of ambrosia {unknown}
 v - a potion of heal wounds {unknown}


   Skills:
 * Level 0.9 Fighting
 * Level 1.0 Armour
 * Level 2.2 Dodging
 + Level 1.0 Stealth
 * Level 2.5 Unarmed Combat
 * Level 1.7 Spellcasting
 * Level 3.6 Summonings


You had one spell level left.
You knew the following spells:

 Your Spells              Type           Power      Damage    Failure   Level
a - Summon Small Mammal   Summ           60%        N/A       6%          1
b - Call Imp              Summ           30%        N/A       9%          2
c - Call Canine Familiar  Summ           15%        N/A       17%         3

Your spell library contained the following spells:

 Spells                   Type           Power      Damage    Failure   Level
 Summon Guardian Golem    Hex/Summ       8%         N/A       36%         3
 Summon Lightning Spire   Summ/Air       8%         N/A       77%         4


Dungeon Overview and Level Annotations

Branches:
Dungeon (3/15)              Sewer (1/1)

Altars:
Qazlal


Innate Abilities, Weirdness & Mutations

You are too large for most types of armour.
You have claws for hands.
Your natural rate of healing is unusually fast.
You are covered in fur. (AC +1)
You have tough skin. (AC +1)


Message History

It is a scroll of amnesia.
Really abort (and waste the scroll)?
Okay, then.
The bullfrog hits you!
* * * LOW HITPOINT WARNING * * *
Your cerulean imp hits the ball python but does no damage.
The adder bites you but does no damage. x2; The bullfrog closely misses you.
The ball python barely misses your cerulean imp.
The ball python constricts your cerulean imp.
The ball python bites you but does no damage.
The bullfrog hits you.
* * * LOW HITPOINT WARNING * * *
Unknown command.
Unknown command.
Okay, then.
As you read the scroll labelled XYHOIH ZUOTWUTH, it crumbles to dust.
You feel strangely unstable.
It was a scroll of teleportation.
The bullfrog completely misses you. The adder bites you.
* * * LOW HITPOINT WARNING * * *
The adder bites you but does no damage.
Your cerulean imp hits the ball python but does no damage.
The ball python bites your cerulean imp but does no damage.
The ball python constricts your cerulean imp.
The ball python barely misses you. The bullfrog completely misses you.
The bullfrog hits you.
* * * LOW HITPOINT WARNING * * *
The adder bites you.
* * * LOW HITPOINT WARNING * * *
You are poisoned.
The adder poisons you! The adder barely misses you.
Unknown command.
Unknown command.
Unknown command.
Unknown command.
Unknown command.
Unknown command.
It was a potion of brilliance.
You feel clever all of a sudden.
You feel sick. The bullfrog hits you.
You die...

#~~~~≈~#####
#≈†††~
#≈≈≈~~≈#
#≈~≈~~
#≈~≈~~≈#
#~~~≈~
#≈~~~≈≈#
#~≈≈≈≈
#≈~~≈≈≈#
#~~~≈≈
#~#~≈≈≈#
#≈.~.~
#≈~#≈≈≈#
#≈~[..
#~.~≈≈≈#
#≈~~.~
#S@F5≈≈#
#≈≈~≈~
#SSFS≈≈#
#≈≈≈≈~
#~S~≈~≈#
#≈≈~~~
#≈≈~~≈≈#
#~~~≈≈
#≈≈†~~≈#
#≈~≈≈≈
#≈≈≈~≈≈#
#≈~~≈≈
#~J~≈≈~#
#≈~~≈≈
#.~.~~##
##~~.~
#......
#.....


You could see 2 bullfrogs, 2 adders, an endoplasm, 3 ball pythons and a friendly
cerulean imp (summoned).

Vanquished Creatures
  4 river rats (Sewer)
  4 adders
  2 dart slugs
  6 orcs (D:3)
  4 bats
  4 endoplasms (D:1)
  A giant cockroach (D:2)
  5 goblins
  7 hobgoblins
  2 jackals (D:3)
  3 quokkas
  6 ball pythons
  3 frilled lizards (D:3)
  6 kobolds
  24 rats
81 creatures vanquished.

Vanquished Creatures (collateral kills)
  An adder (D:2)
  A dart slug (D:1)
  4 ball pythons
  A bat (D:3)
  2 endoplasms
  A goblin (D:1)
  3 kobolds (D:2)
  2 frilled lizards
  12 rats (Sewer)
27 creatures vanquished.

Vanquished Creatures (others)
  7 toadstools (D:1)
7 creatures vanquished.

Grand Total: 115 creatures vanquished

Notes
Turn   | Place    | Note
-------+----------+-------------------------------------------
     0 | D:1      | Morbidden the Troll Summoner began the quest for the Orb.
     0 | D:1      | Reached XP level 1. HP: 16/16 MP: 1/1
    70 | D:1      | Reached skill level 3 in Summonings
   110 | D:1      | Reached XP level 2. HP: 24/24 MP: 2/2
   198 | D:1      | Reached skill level 1 in Unarmed Combat
   393 | D:1      | Reached XP level 3. HP: 31/31 MP: 4/4
  1101 | D:2      | Learned a level 2 spell: Call Imp
  1214 | D:2      | Found a stormy altar of Qazlal.
  1805 | D:2      | Reached XP level 4. HP: 39/40 MP: 2/5
  1943 | D:3      | Learned a level 3 spell: Call Canine Familiar
  2137 | D:3      | Found a glowing drain.
  2146 | Sewer    | Entered a sewer
  2310 | Sewer    | Reached XP level 5. HP: 34/46 MP: 2/6
  2473 | Sewer    | Reached skill level 1 in Armour
  2583 | Sewer    | HP: 2/46 [adder (1)]
  2584 | Sewer    | Slain by a bullfrog

Illustrated notes

Levels and vault maps discovered:
D:1:      nagdon_arrival_double_spiral, layout_basic, minmay_pentomino_t4
D:2:      layout_loops_cross, basic_altar
D:3:      layout_rooms, portal_sewer_entry_d
Sewer:    sewer_minmay_w

Skill      XL: |  1  2  3  4  5 |
---------------+----------------+-----
Summonings     | 3 |  3.6
Unarmed Combat | 1 2 |  2.5
Dodging        | 2 |  2.2
Armour         | 1 |  1.0
Fighting       | |  0.9
Stealth        | |  1.0
Spellcasting   | |  1.7

Action                     |  1- 3 |  4- 6 || total
---------------------------+-------+-------++-------
  Melee: Unarmed           |    93 |   128 ||   221
         Punch             |     1 |       ||     1
   Cast: Summon Small Mamm |    14 |    13 ||    27
         Call Imp          |     8 |    17 ||    25
    Use: Scroll            |       |     3 ||     3
         Potion            |       |     1 ||     1
   Stab: Distracted        |     1 |     2 ||     3
 Armour: Robe              |    27 |    54 ||    81
  Dodge: Dodged            |    43 |   109 ||   152

Table legend: (Time is in decaauts)
 A = Elapsed time spent in this place.
 B = Non-inter-level travel time spent in this place.
 C = Inter-level travel time spent in this place.
 D = Time resting spent in this place.
 E = Time spent auto-exploring this place.
 F = Levels seen in this place.
 G = Mean time per level.
                   A        B        C        D        E       F      G
               +--------+--------+--------+--------+--------+-----+--------+
         Total |   2575 |   2468 |    107 |      0 |   1758 |   4 |  643.8 |
       Dungeon |   2141 |   2034 |    107 |      0 |   1486 |   3 |  713.7 |
         Sewer |    434 |    434 |      0 |      0 |    272 |   1 |  434.0 |
               +--------+--------+--------+--------+--------+-----+--------+

Top non-repeatable levels by time:
     D:1: 1028 daAuts
     D:2: 896 daAuts
   Sewer: 434 daAuts
     D:3: 216 daAuts
